 Dungeon Crawl Stone Soup version 0.29-a0-330-g52719c12eb (webtiles) character file.

Game seed: 16194451267643043318

6 Allar the Bolt Thrower (level 1, 18/18 HPs)
             Began as a Minotaur Hunter on May 29, 2022.
             Quit the game on level 1 of the Dungeon.
             The game lasted 00:03:23 (171 turns).

Allar the Bolt Thrower (Minotaur Hunter)             Turns: 171, Time: 00:03:23

Health: 18/18      AC:  3    Str: 15    XL:     1   Next: 75%
Magic:  0/0        EV: 12    Int:  6    God:
Gold:   9          SH:  0    Dex: 13    Spells: 0/0 levels left

rFire   . . .      SeeInvis .   h - +0 dagger
rCold   . . .      Faith    .   (no shield)
rNeg    . . .      Spirit   .   e - +0 leather armour
rPois   .          Reflect  .   (helmet restricted)
rElec   .          Harm     .   (no cloak)
rCorr   .          Rampage  .   (no gloves)
Will    .....                   (no boots)
Stlth   +.........              (no amulet)
HPRegen 0.06/turn               (no ring)
MPRegen 0.07/turn               (no ring)

@: no status effects
A: horns 2, retaliatory headbutt
a: no special abilities


You were on level 1 of the Dungeon.
You visited 1 branch of the dungeon, and saw 1 of its levels.

You collected 9 gold pieces.

Inventory:

Hand Weapons
 a - a +0 long sword
   (You found it on level 1 of the Dungeon)
 b - a +1 hand crossbow
 h - a +0 dagger (weapon)
   (You took it off a goblin on level 1 of the Dungeon)
Armour
 e - a +0 leather armour (worn)
Scrolls
 c - a scroll of immolation {!r}
 d - a scroll of noise {unknown}
 f - a scroll of identify {unknown}
Potions
 g - a potion of curing {unknown}


   Skills:
 + Level 2.6 Fighting
 + Level 4.5 Crossbows
 + Level 0.9 Armour
 - Level 2.1 Dodging
 - Level 0.7 Stealth


You couldn't memorise any spells.
You didn't know any spells.
Your spell library was empty.

Dungeon Overview and Level Annotations

Branches:
Dungeon (1/15)

Altars:


Innate Abilities, Weirdness & Mutations

You have a pair of horns on your head.
You reflexively headbutt those who attack you in melee.


Message History

The kobold throws a stone.
The stone hits you but does no damage.
You see here a ball python corpse.
The kobold hits you with a +0 club.
You closely miss the kobold. The kobold hits you but does no damage.
You hit the kobold.
You kill the kobold!
Found a scroll labelled REALAF TIAMU and a scroll labelled RYMITHIL GARAC.
Things that are here:
a +0 club; 2 stones You now have 9 gold pieces.
You start resting.
A bat comes into view.
The bat moves out of view.
A bat comes into view.
The bat moves out of view.
Things that are here:
a +0 club; 2 stones You see here a ball python corpse.
You start resting.
A bat is nearby!
You see here a ball python corpse.
You see here a ball python corpse.
The bat barely misses you.
You hit the bat. The bat barely misses you. You furiously retaliate!
You headbutt the bat.
You kill the bat!
You see here a ball python corpse.
A bat is nearby!
The bat barely misses you.
You closely miss the bat. The bat barely misses you. The bat barely misses you.
The bat closely misses you. The bat closely misses you.
The bat barely misses you. The bat hits you but does no damage.
You barely miss the bat. You headbutt the bat.
You kill the bat!
You see here a bat corpse.
f - a scroll labelled REALAF TIAMU
Found a red potion and a long sword.
Found 12 gold pieces.
g - a red potion You see here a +0 long sword.
Okay, then.
h - a +0 long sword
Okay, then.
Adjust (i)tems, (s)pells, or (a)bilities?
a - a +0 dagger (weapon)
Adjust to which letter? (? for menu, Esc to quit)
h - a +0 dagger (weapon);
a - a +0 long sword Unknown command.

#### # ... ####. $.
##.. ... .# ..#
#.####.# #######.#
#....@.# ## ........#
##.#..?#...#
........#+###.#.......#
..........†...#.####..#
..............#.......#
................##....#
.................+ ....
..............#..# ..#
..........)..^#..#. .#


There were no monsters in sight!

Vanquished Creatures
  2 bats (D:1)
  A giant cockroach (D:1)
  A goblin (D:1)
  A ball python (D:1)
  A kobold (D:1)
6 creatures vanquished.

Notes
Turn   | Place    | Note
-------+----------+-------------------------------------------
     0 | D:1      | Allar the Minotaur Hunter began the quest for the Orb.
     0 | D:1      | Reached XP level 1. HP: 18/18 MP: 0/0
   171 | D:1      | Quit the game

Illustrated notes

Levels and vault maps discovered:
D:1:      dpeg_arrival_round_b, layout_basic,
          hellmonk_ecumenical_altar_defaced_shrine, minmay_tetromino_i4

Action                   || total
-------------------------++-------
Melee: Dagger            ||     5
       Unarmed           ||     2
       Headbutt          ||     1
 Fire: Hand crossbow     ||     5
Armor: Leather armour    ||     5
Dodge: Dodged            ||    11

Table legend: (Time is in decaauts)
 A = Elapsed time spent in this place.
 B = Non-inter-level travel time spent in this place.
 C = Inter-level travel time spent in this place.
 D = Time resting spent in this place.
 E = Time spent auto-exploring this place.
 F = Levels seen in this place.
 G = Mean time per level.
                   A        B        C        D        E       F      G
               +--------+--------+--------+--------+--------+-----+--------+
         Total |    170 |    170 |      0 |     38 |     42 |   1 |  170.0 |
       Dungeon |    170 |    170 |      0 |     38 |     42 |   1 |  170.0 |
               +--------+--------+--------+--------+--------+-----+--------+

Top non-repeatable levels by time:
     D:1: 170 daAuts
